 Dungeon Crawl Stone Soup version 0.23-a0-393-g6e9e0f2070 (webtiles) character file.

18 PikkenKukken the Insei (level 2, 0/21 HPs)
             Began as a Demonspawn Transmuter on Oct 31, 2018.
             Slain by a frilled lizard (3 damage)
             ... on level 1 of the Dungeon.
             The game lasted 00:02:34 (527 turns).

PikkenKukken the Insei (Demonspawn Transmuter)       Turns: 527, Time: 00:02:35

Health: 0/21       AC:  3    Str: 10    XL:     2   Next: 51%
Magic:  0/5        EV: 12    Int: 14    God:
Gold:   9          SH:  0    Dex: 13    Spells: 2/5 levels left

rFire    . . .     SeeInvis .     - Unarmed
rCold    . . .     Gourm    .   (no shield)
rNeg     . . .     Faith    .   b - +0 robe
rPois    .         Spirit   .   (no helmet)
rElec    .         Reflect  .   (no cloak)
rCorr    .         Harm     .   (no gloves)
MR       .....                  (boots currently unavailable)
Stlth    +.........             (no amulet)
HPRegen  0.07/turn              (no ring)
MPRegen  0.09/turn              (no ring)

@: appendage
A: talons 3, rugged brown scales 1
a: End Transformation


You were on level 1 of the Dungeon.
You were not hungry.
You had grown temporary talons.
You visited 1 branch of the dungeon, and saw 1 of its levels.

You collected 9 gold pieces.

Inventory:

Missiles
 a - 10 arrows
Armour
 b - a +0 robe (worn)
Scrolls
 e - a scroll of remove curse {unknown}
Comestibles
 d - 2 rations


   Skills:
 - Level 1.0 Fighting
 + Level 2.1 Dodging
 * Level 3.1 Unarmed Combat
 - Level 2.0 Spellcasting
 + Level 2.1 Transmutations


You had 2 spell levels left.
You knew the following spells:

 Your Spells              Type           Power        Failure   Level  Hunger
a - Beastly Appendage     Tmut           #.....       10%         1    ##.....
b - Sticks to Snakes      Tmut           #.......     16%         2    ###....

Your spell library contained the following spells:

 Spells                   Type           Power        Failure   Level  Hunger
 Spider Form              Tmut/Pois      #.........   43%         3    ####...
 Ice Form                 Ice/Tmut       #.......     83%         4    #####..
 Blade Hands              Tmut           #.........   95%         5    ######.


Dungeon Overview and Level Annotations

Branches:
Dungeon (1/15)

Altars:


Innate Abilities, Weirdness & Mutations

You are partially covered in rugged brown scales. (AC +1, +3% HP)
You have claws for feet.


Message History

The bat barely misses you. The bat hits you.
* * * LOW HITPOINT WARNING * * *
The bat closely misses you. The bat barely misses you.
You can't go up here!
Unknown command.
Casting: Beastly Appendage (safe; 10% risk of failure)
Confirm with . or Enter, or press ? or * to list all spells.
You create a snake!
You now have 11 arrows.
The bat closely misses you. x2
The frilled lizard bites you.
* * * LOW HITPOINT WARNING * * *
The bat closely misses you.
Your ball python closely misses the frilled lizard. x2
The frilled lizard bites your ball python.
Your ball python dies!
The bat misses you.
Casting: Sticks to Snakes (safe; 16% risk of failure)
Confirm with . or Enter, or press ? or * to list all spells.
You create a snake!
You now have 10 arrows.
The bat barely misses you. x2
The bat closely misses you. The frilled lizard bites you.
You die...

....... #.# #.........
.####........ #
..........#.#.#####
............ ....
##......... ...
.#.....#.b###.# #
.........b.@..# .#
..........l.#####.###
...........)S........
..................(..
....#.#.........######
.. .#.
#.#.####...#.....# .. #
.......###.#.....## #.
...................# .
##....##.##.........####
.


You could see 2 bats, a frilled lizard and a friendly ball python.

Vanquished Creatures
  A leopard gecko (D:1)
  4 bats (D:1)
  3 goblins (D:1)
  2 hobgoblins (D:1)
  A jackal (D:1)
  A kobold (D:1)
  3 rats (D:1)
15 creatures vanquished.

Notes
Turn   | Place    | Note
-------+----------+-------------------------------------------
     0 | D:1      | PikkenKukken the Demonspawn Transmuter began the quest for
                  | the Orb.
     0 | D:1      | Reached XP level 1. HP: 15/15 MP: 3/3
    89 | D:1      | Reached skill level 3 in Unarmed Combat
    96 | D:1      | Gained mutation: You are partially covered in rugged brown
                  | scales. (AC +1, +3% HP) [demonic ancestry]
    96 | D:1      | Reached XP level 2. HP: 11/21 MP: 3/5
   271 | D:1      | Learned a level 2 spell: Sticks to Snakes
   527 | D:1      | Slain by a frilled lizard

Vault maps used:
D:1:      eino_arrival_cavern_a, st_stairs_11

Skill      XL: |  1 |
---------------+----+-----
Dodging        | 2 |  2.1
Unarmed Combat | 3 |  3.1
Transmutations | 2 |  2.1
Fighting       | |  1.0
Spellcasting   | |  2.0

Action                   || total
-------------------------++-------
Melee: Unarmed           ||    49
       Headbutt          ||     6
       Kick              ||     2
 Cast: Beastly Appendage ||    10
       Sticks to Snakes  ||     2
Armor: Robe              ||    27
Dodge: Dodged            ||    56

Table legend:
 A = Non-vault XP
 B = Vault XP
 C = Vault XP percentage of total XP
 D = Non-vault monster count
 E = Vault monster count
 F = Vault count percentage of total count
                 A         B        C        D         E       F
            +---------+---------+-------+---------+---------+-------
      Total |      17 |      10 |  37.0 |      10 |       5 |  33.3
            +---------+---------+-------+---------+---------+-------
        D:1 |      17 |      10 |  37.0 |      10 |       5 |  33.3
            +---------+---------+-------+---------+---------+-------
